 Dungeon Crawl Stone Soup version 0.23.2 (webtiles) character file.

Game seed: 7793548739548857807

1607 dvd the Covert (level 8, -9/37 HPs)
             Began as a Vine Stalker Enchanter on Apr 8, 2019.
             Was an Initiate of Ashenzari.
             Hit by a large rock thrown by a cyclops (25 damage)
             ... on level 6 of the Dungeon.
             The game lasted 00:21:58 (5369 turns).

dvd the Covert (Vine Stalker Enchanter)             Turns: 5369, Time: 00:21:59

Health: -9/37      AC: 10    Str: 11    XL:     8   Next: 95%
Magic:  0/16       EV: 11    Int: 17    God:    Ashenzari [......]
Gold:   357        SH:  0    Dex: 15    Spells: 6/17 levels left

rFire    . . .     SeeInvis .   a - +2 dagger (freeze)
rCold    . . .     Gourm    .   (no shield)
rNeg     . . .     Faith    .   w - +5 ring mail {rPois} (curse)
rPois    +         Spirit   +   (no helmet)
rElec    .         Reflect  .   (no cloak)
rCorr    .         Harm     .   (no gloves)
MR       ++...                  (no boots)
Stlth    +++.......             q - amulet of magic regeneration
HPRegen  0.52/turn              o - ring of protection from magic
MPRegen  0.40/turn              C - ring of flight

@: no status effects
A: fangs 3, regeneration 1, magic shield, antimagic bite, no potion heal 3, rot
immunity
a: Curse Item, Renounce Religion, Evoke Flight


You were on level 6 of the Dungeon.
You worshipped Ashenzari.
Ashenzari was noncommittal.
You were not hungry.

You visited 2 branches of the dungeon, and saw 7 of its levels.

You collected 357 gold pieces.

Inventory:

Hand Weapons
 a - a +2 dagger of freezing (weapon)
 g - a +1 dagger
 n - a +0 whip of electrocution
Armour
 w - a cursed +5 ring mail of poison resistance (worn)
Jewellery
 o - a ring of protection from magic (left hand)
 q - an amulet of magic regeneration (around neck)
 C - a ring of flight (right hand)
Wands
 b - a wand of random effects (25)
 A - a wand of disintegration (5)
Scrolls
 i - 4 scrolls of identify
 l - a scroll of fear
 p - a scroll of remove curse
 r - 3 scrolls of teleportation
 s - 2 scrolls of fog
 y - a scroll of magic mapping {unknown}
Potions
 e - 2 potions of mutation {unknown}
 f - 2 potions of magic {unknown}
 h - a potion of might
 j - 3 potions of berserk rage {unknown}
 k - 2 potions of resistance
 m - a potion of lignification
 t - a potion of flight {unknown}
 u - 2 potions of agility {unknown}
 v - a potion of haste {unknown}
 x - a potion of ambrosia
 B - a potion of brilliance {unknown}
Comestibles
 d - 9 rations


   Skills:
 + Level 1.4 Fighting
 + Level 3.2 Short Blades
 + Level 1.8 Armour
 + Level 2.2 Dodging
 + Level 8.0 Stealth
 + Level 5.1 Spellcasting
 * Level 6.3 Hexes
 + Level 2.6 Ice Magic


You had 6 spell levels left.
You knew the following spells:

 Your Spells              Type           Power        Failure   Level  Hunger
a - Confuse               Hex            ####....     8%          3    ###....
b - Ensorcelled Hibernat  Hex/Ice        ###...       8%          2    #......
c - Dazzling Spray        Conj/Hex       ###...       26%         3    ###....
d - Tukima's Dance        Hex            ####....     8%          3    ###....

Your spell library contained the following spells:

 Spells                   Type           Power        Failure   Level  Hunger
 Corona                   Hex            ####...      2%          1    None


Dungeon Overview and Level Annotations

Branches:
Dungeon (6/15)             Temple (1/1) D:5

Altars:
Ashenzari
Cheibriados
Dithmenos
Elyvilon
Fedhas
Gozag
Hepliaklqana
Kikubaaqudgha
Makhleb
Nemelex Xobeh
Okawaru
Qazlal
Ru
Sif Muna
Trog
Uskayaw
Vehumet
Wu Jian
Xom
Yredelemnul
The Shining One


Innate Abilities, Weirdness & Mutations

You have razor-sharp teeth.
Your natural rate of healing is unusually fast.
When hurt, damage is shared between your health and your magic reserves.
Your bite disrupts and absorbs the magic of your enemies.
Potions cannot restore your health.
You are immune to rotting.


Message History

You hit the cyclops but do no damage. You bite the cyclops.
You drain its power.
You feel invigorated.
The cyclops is lightly wounded.
You hit the cyclops but do no damage.
The cyclops is lightly wounded.
The cyclops closely misses you.
You hit the cyclops. You freeze the cyclops.
You bite the cyclops, but do no damage.
The cyclops is moderately wounded.
You hit the cyclops but do no damage.
The cyclops is moderately wounded.
The cyclops gestures wildly.
You hit the cyclops. You freeze the cyclops.
The cyclops is moderately wounded.
You hit the cyclops but do no damage. You bite the cyclops, but do no damage.
The cyclops is moderately wounded.
The cyclops seems less confused.
The cyclops hits you!
The cyclops throws a large rock.
The large rock hits you!!
Ouch! That really hurt!
You die...

###...............## ##..#..##
.##.#......!....#.####....#.##
..#.##........###..##.....#..###
..#.##..........#......#.......##
......................###.......#
#.##.....^..........##..........#
.................#......#.#.#...#
..##....#..##....#C....#######..#
#..#....#.##<...@...##..# #...#
...#.#.....##......##..## ##..#
.<...#..##..##.........## ##..#
...........##...........# #...#
............##.........## ##..#
.........#.####..)##...## ##..#
............#...........# ##...#
............(.#........### .##..#
...........[.<......C..##.#.##..#


You could see a cyclops.

Vanquished Creatures
  An orc warrior (D:5)
  2 ogres
  2 phantoms (D:6)
  3 centaurs
  A bullfrog (D:6)
  3 scorpions
  A bullfrog zombie (D:2)
  4 hounds
  A bullfrog skeleton (D:5)
  An orc priest (D:5)
  2 orc wizards
  2 iguanas
  6 worker ants
  A killer bee zombie (D:6)
  A hound skeleton (D:6)
  9 adders
  A howler monkey skeleton (D:4)
  An adder skeleton (D:4)
  4 worms
  6 leopard geckos
  14 orcs
  2 ball pythons (D:3)
  6 giant cockroaches
  6 goblins
  8 hobgoblins
  5 jackals
  6 kobolds
  2 quokkas
  8 bats
  13 frilled lizards
  12 rats
134 creatures vanquished.

Vanquished Creatures (collateral kills)
  An orc priest (D:5)
  2 orcs (D:5)
3 creatures vanquished.

Vanquished Creatures (others)
  A dancing weapon (D:5)
1 creature vanquished.

Grand Total: 138 creatures vanquished

Notes
Turn   | Place    | Note
-------+----------+-------------------------------------------
     0 | D:1      | dvd the Vine Stalker Enchanter began the quest for the Orb.
     0 | D:1      | Reached XP level 1. HP: 9/9 MP: 4/4
   246 | D:1      | Reached skill level 4 in Stealth
   246 | D:1      | Reached XP level 2. HP: 12/13 MP: 1/6
   378 | D:1      | Learned a level 2 spell: Ensorcelled Hibernation
   844 | D:1      | Reached skill level 1 in Short Blades
   942 | D:2      | Reached XP level 3. HP: 13/16 MP: 2/7
  1086 | D:2      | Learned a level 3 spell: Confuse
  1218 | D:2      | Noticed an ice beast
  1653 | D:2      | Gained mutation: Your natural rate of healing is unusually
                  | fast. [Vine Stalker growth]
  1653 | D:2      | Reached XP level 4. HP: 16/21 MP: 6/8
  1980 | D:2      | Reached XP level 5. HP: 17/25 MP: 8/10
  2026 | D:2      | Reached skill level 1 in Ice Magic
  2144 | D:3      | Learned a level 3 spell: Dazzling Spray
  2275 | D:3      | Reached skill level 5 in Stealth
  2297 | D:3      | Noticed an ogre
  2350 | D:3      | Killed an ogre
  2350 | D:3      | Reached XP level 6. HP: 29/29 MP: 4/11
  2879 | D:3      | Learned a level 3 spell: Tukima's Dance
  3085 | D:4      | Reached skill level 6 in Stealth
  3150 | D:4      | Reached XP level 7. HP: 32/32 MP: 1/13
  3512 | D:4      | Found a sparkling altar of Nemelex Xobeh.
  3512 | D:4      | Found a bloodstained altar of Trog.
  3520 | D:4      | Found a snail-covered altar of Cheibriados.
  3522 | D:4      | Found a glowing golden altar of the Shining One.
  3523 | D:4      | Found a burning altar of Makhleb.
  3831 | D:4      | Reached skill level 1 in Fighting
  3949 | D:5      | Entered Level 5 of the Dungeon
  3982 | D:5      | Reached skill level 7 in Stealth
  4078 | D:5      | Found a staircase to the Ecumenical Temple.
  4124 | Temple   | Entered the Ecumenical Temple
  4158 | Temple   | Became a worshipper of Ashenzari the Shackled
  4288 | D:5      | Reached skill level 5 in Hexes
  4288 | D:5      | Gained mutation: You have razor-sharp teeth. [Vine Stalker
                  | growth]
  4288 | D:5      | Reached XP level 8. HP: 35/37 MP: 5/15
  4310 | D:5      | Reached skill level 1 in Armour
  5011 | D:6      | Reached skill level 5 in Spellcasting
  5044 | D:6      | Reached skill level 8 in Stealth
  5127 | D:6      | Noticed a green ugly thing
  5160 | D:6      | Noticed a cyclops
  5369 | D:6      | Hit by a large rock thrown by a cyclops

Skill      XL: |  1  2  3  4  5  6  7  8 |
---------------+-------------------------+-----
Stealth        | 4 5 6 7 8 |  8.0
Short Blades   | 1 2 3 |  3.2
Ice Magic      | 1 2 |  2.6
Dodging        | 2 |  2.2
Spellcasting   | 3 4 5 |  5.1
Hexes          | 4 5 6 |  6.3
Fighting       | 1 |  1.4
Armour         | 1 |  1.8

Action                   |  1- 3 |  4- 6 |  7- 9 || total
-------------------------+-------+-------+-------++-------
Melee: Dagger            |    78 |   112 |   173 ||   363
       Bite              |    15 |    19 |    54 ||    88
 Cast: Corona            |    10 |       |       ||    10
       Ensorcelled Hiber |    19 |    42 |    28 ||    89
       Confuse           |     1 |     5 |    28 ||    34
       Tukima's Dance    |       |     3 |     5 ||     8
       Dazzling Spray    |       |     1 |     1 ||     2
Invok: Curse Item        |       |       |     1 ||     1
  Use: Scroll            |     5 |       |     8 ||    13
       Potion            |       |       |     3 ||     3
 Stab: Sleeping          |    10 |    42 |    27 ||    79
       Confused          |     2 |     1 |     8 ||    11
       Invisible         |       |     1 |       ||     1
  Eat: Chunk             |     4 |     8 |    11 ||    23
Armor: Ring mail         |     8 |       |    44 ||    52
       Robe              |    15 |    15 |       ||    30
       Skin              |       |       |    11 ||    11
Dodge: Dodged            |    53 |    55 |    88 ||   196
